AoeStats
← AOE2.GG | NONO

Pilgrims

510256303Analyzed
4v4 RM · 20h ago on Sep 30, 2026· 34m 18s· 8 players
Game mode
Random Map
Map size
Large (8 player)
Population
200
Speed
Normal
Resources
Standard
Victory
Conquest
Starting age
Dark Age
Ending age
Imperial Age
RankedLock teamsTeams togetherTeam positionsShared explorationLock speedFull tech treeHidden civsTurbo modeCheats
Victory
Defeat
🇭🇰 Italians · Hong Kong SAR China
1490
+12
🇨🇳 Burgundians · China
1482
+13
🇧🇷 Vietnamese · Brazil
1445
+14
🇹🇷 Koreans · Türkiye
1392
+16
🇻🇳 Varangians · Vietnam
1523
-18
🇨🇳 Dravidians · China
1377
-13
🇩🇪 Persians · Germany
1367
-12
🇨🇳 Italians · China
1360
-12
超级硬邦邦
3:23 Loom
5:43 Double-Bit Axe
11:42 Feudal Age
12:43 Wheelbarrow
12:49 Wheelbarrow
13:08 Bow Saw
12:49 Gold Mining
12:42 Horse Collar
12:48 Fishing Lines
13:09 Stone Mining
15:23 Castle Age
13:26 Gillnets
15:47 Stone Shaft Mining
15:48 Gold Shaft Mining
14:55 Horse Collar
15:41 Town Watch
17:51 Two-Man Saw
18:53 Heavy Plow
20:46 Hand Cart
27:08 Imperial Age
25:31 Scale Barding Armor
26:04 Forging
26:53 Chain Barding Armor
26:43 Burgundian Vineyards
26:41 Husbandry
28:33 Iron Casting
29:34 Plate Barding Armor
29:27 Conscription
28:51 Elite Coustillier
ValerioN__
10:43 Feudal Age
14:22 Castle Age
12:07 Fishing Lines
12:40 Double-Bit Axe
13:53 Gold Mining
15:23 Bow Saw
15:07 Gillnets
15:09 Fletching
16:47 Bodkin Arrow
18:06 Horse Collar
21:17 Eupseong
28:02 Imperial Age
25:18 Loom
25:41 Treadmill Crane
26:22 Ballistics
27:43 Masonry
28:22 Elite War Wagon
30:57 Bracer
33:28 Chemistry
Tylenol
9:27 Feudal Age
10:13 Double-Bit Axe
18:36 Castle Age
17:01 Fletching
17:20 Stone Mining
17:14 Horse Collar
19:40 Bow Saw
20:08 Wheelbarrow
20:04 Bodkin Arrow
24:58 Loom
28:58 Hand Cart
30:45 Ballistics
33:57 Imperial Age
31:49 Padded Archer Armor
32:38 Stone Shaft Mining
31:53 Gold Mining
32:22 Heavy Plow
33:06 Leather Archer Armor
32:47 Gold Mining
34:17 Capped Ram
体制少妇白洁
9:45 Loom
11:31 Feudal Age
12:32 Double-Bit Axe
17:02 Castle Age
15:07 Fletching
15:48 Forging
16:44 Fletching
16:52 Gold Mining
17:56 Medium Warships
17:48 Bodkin Arrow
18:06 Bow Saw
17:46 Fishing Lines
19:12 Wheelbarrow
20:31 Ballistics
20:22 Careening
20:53 Clinker Construction
27:22 Scale Mail Armor
35:01 Hand Cart
战歌
6:20 Loom
12:31 Feudal Age
13:55 Fishing Lines
14:31 Double-Bit Axe
17:51 Castle Age
16:55 Forging
19:00 Medium Warships
20:00 Iron Casting
19:24 Gillnets
20:09 Gold Mining
22:39 Wheelbarrow
23:32 Siphons
23:38 Careening
27:13 Clinker Construction
29:11 Stone Mining
29:41 Hand Cart
31:26 Fletching
31:36 Padded Archer Armor
31:18 Horse Collar
31:50 Bow Saw
32:53 Pikeman
33:33 Squires
33:19 Arson
34:02 Scale Mail Armor
AOE2.GG | NONO
8:09 Loom
11:45 Feudal Age
14:21 Wheelbarrow
14:40 Double-Bit Axe
18:07 Castle Age
16:39 Horse Collar
18:48 Bow Saw
19:58 Scale Barding Armor
21:12 Bloodlines
25:02 Husbandry
27:22 Heavy Plow
34:07 Imperial Age
棒总
5:34 Loom
11:18 Feudal Age
12:23 Double-Bit Axe
14:12 Wheelbarrow
13:55 Horse Collar
17:58 Castle Age
16:22 Fletching
17:09 Gold Mining
Bis
7:08 Loom
10:39 Feudal Age
15:29 Castle Age
13:52 Fletching
15:16 Double-Bit Axe
16:43 Fishing Lines
17:19 Medium Warships
25:25 Fervor
29:35 Wheelbarrow
Connection lost

Rejoining the realm…

Still unreachable

The connection could not be restored.

Session expired

The server has moved on; the page needs a fresh start.